[Event "1st Serbian League 2022"]
[Site "Vrnjacka Banja"]
[Date "2022.09.27"]
[Round "8.17"]
[White "Strikovic, Aleksa"]
[Black "Milosevic, Milos"]
[Result "1-0"]
[ECO "B07"]
[WhiteElo "2491"]
[BlackElo "2379"]
[Annotator "TA"]
[PlyCount "129"]
[EventDate "2022.09.20"]
[EventType "team-tourn"]
[EventCountry "SRB"]
[SourceTitle "playchess.com"]
[Source "ChessBase"]
[SourceQuality "1"]
[TimeControl "40/5400+30:1800+30"]

1. Nf3 {[%emt 0:00:04] ChessBase II} Nf6 2. g3 g6 3. Bg2 Bg7 4. O-O O-O 5. d4 d6 6. Nc3 Nbd7 7. e4 e5 8. Re1 c6 9. a4 a5 10. h3 exd4 {[%emt 0:02:03] B07: Pirc Defence: Miscellaneous Systems.} 11. Nxd4 (11. Qxd4 Nd5 $1 12. Bg5 Bxd4 $15) 11... Nc5 12. Bf4 Re8 {[%emt 0:02:11] White is slightly better.} 13. Qd2 Nh5 14. Bh6 Bxh6 15. Qxh6 Qf6 16. Rad1 Be6 {[%emt 0:35:35] [#]} 17. b3 $146 ({Predecessor:} 17. Qd2 Rad8 18. Re3 Bc8 19. b3 Qe7 20. Rde1 Qc7 21. Rf3 Ng7 22. g4 Qe7 23. Rg3 {1-0 (39) Lerner,K (2520)-Gurevich,M (2420) Yalta 1982 EXT 2022 [ChessBase II]}) 17... Rad8 18. Nb1 Bc8 {[%emt 0:00:59] [#]} 19. Qd2 $1 Re5 20. Nc3 Re7 21. Nf3 Rde8 22. Nh2 Qg7 23. Nf1 Be6 24. Ne3 f5 25. exf5 $1 gxf5 26. Bf3 Nf4 27. h4 (27. Qxd6 Nxh3+ 28. Kg2 Nxf2 29. Kxf2 (29. Qxc5 Nxd1 30. Rxd1 f4 $15) 29... Qxc3 $15) ({White should play} 27. Kh2 $11 Nxh3 28. Kxh3 f4+ 29. Kg2 fxe3 30. Rxe3) 27... d5 (27... Ng6 $15 28. Qd4 Qxd4 29. Rxd4 f4) 28. Kh2 (28. Bg2 $5 Nh5 29. Bf3 $11) 28... Ng6 29. Bh5 f4 30. Ng2 fxg3+ 31. fxg3 Bf7 32. Rxe7 Rxe7 33. Rf1 Qe5 34. Bd1 Qg7 35. Ne2 b6 36. Nd4 Ne4 37. Qe3 Nd6 38. Qf2 Ne4 39. Qg1 {[%emt 0:01:12] Strongly threatening Nf5.} Qe5 (39... Nd2 $1 $11 40. Nf5 Nxf1+ 41. Qxf1 Qe5) 40. Nf4 (40. Qe3 $14 {might be stronger.} Nd6 41. Qf2) 40... Nd2 (40... Re8 $1 $11) 41. Nxc6 $16 Nxf1+ 42. Qxf1 Qc3 43. Nxe7+ (43. Nxg6 Re1 44. Nge7+ (44. Nce7+ Kg7 $11) 44... Kf8 $11) 43... Nxe7 44. Qf2 Nf5 45. Ne2 ({White should try} 45. Nd3 $16 Nd6 46. Bf3 (46. Qxb6 Qd2+ 47. Kh3 Qxd1 $14) (46. Qf4 Ne4 $16)) 45... Qe5 $14 {[%emt 0:00:00] And now ...Ne3 would win.} 46. Nf4 Ne3 (46... Qc3 $1 $11 {keeps the balance.}) 47. Be2 $36 {[%emt 0:00:00][%mdl 2048] White is really pushing.} d4 (47... Bg6 $16 {might work better.}) 48. Qf3 $18 Qc5 49. Bd3 Qc3 $2 (49... Qd6 {is a better defense.} 50. Qe4 Ng4+ 51. Kg1 Nf6) 50. Qa8+ Kg7 51. Qe4 Ng4+ 52. Kg1 Qa1+ 53. Kg2 {[%emt 0:00:00] Threatening mate with Qe7. Really sharp!} Ne3+ 54. Kh3 h5 55. Be2 (55. Qh7+ $142 Kf8 56. Qh8+ Ke7 57. Qe5+ Kf8 58. Qh8+ Ke7 59. Qe5+ Kf8 60. Qh8+) 55... Kg8 56. Kh2 (56. Bxh5 Qf1+ 57. Kh2 Qf2+ 58. Kh3 Qf1+ 59. Kh2 Qf2+ 60. Kh3 Qf1+ $11) (56. Nxh5 Bxh5 57. Qa8+ (57. Bxh5 Qf1+ 58. Kh2 Qf2+ 59. Kh3 Qf1+ 60. Kh2 Qf2+ 61. Kh3 Qf1+ $11) 57... Kh7 $11) (56. Qa8+ $18 {and White stays clearly on top.} Kg7 57. Qb7 (57. Nxh5+ Bxh5 58. Bxh5 Qf1+ 59. Kh2 Qf2+ 60. Kh3 Qf1+ 61. Kh2 Qf2+ 62. Kh3 Qf1+ $11)) 56... Qe1 $16 {[%emt 0:00:00] Threatens to win with ...Ng4+.} 57. Qf3 (57. Qa8+ $16 Kg7 58. Qb8 (58. Nxh5+ Bxh5 59. Bxh5 Qf2+ 60. Kh3 Qf1+ 61. Kh2 Qf2+ 62. Kh3 Qf1+ 63. Kh2 Qf2+ $11) (58. Bxh5 Nf1+ 59. Kg2 Qxg3+ 60. Kxf1 Qxf4+ 61. Qf3 Qc1+ 62. Qd1 Qf4+ 63. Qf3 Qc1+ 64. Qd1 Qf4+ 65. Qf3 $11)) 57... Ng4+ {[%emt 0:00:00] [#]} (57... Kg7 $1 $14) 58. Kg2 (58. Kh3 $1 $16) 58... Ne3+ 59. Kh3 {[%emt 0:00:42] Qa8+ is the strong threat.} Qg1 $1 60. Bc4 (60. Qc6 $16) 60... Bxc4 $4 (60... Nxc4 $11 61. bxc4 Kg7) 61. bxc4 $18 Ng4 $2 (61... Qd1 $18 62. Qxd1 Nxd1) 62. Qd5+ {[%emt 0:00:41] White mates.} Kf8 63. Qd8+ Kf7 64. Qd7+ Kf6 65. Qe6+ {[%emt 0:00:27] Weighted Error Value: White=0.23 (precise) /Black=0.41} (65. Nxh5+ $142 Kg6 66. Qg7+ Kf5 67. Qf7+ Nf6 68. Qxf6+ Ke4 69. Qf4#) 1-0

[Event "1st Serbian League 2022"]
[Site "Vrnjacka Banja"]
[Date "2022.09.27"]
[Round "8.18"]
[White "Markovic, Miroslav"]
[Black "Perunovic, Miodrag"]
[Result "1/2-1/2"]
[ECO "A46"]
[WhiteElo "2275"]
[BlackElo "2413"]
[Annotator "TA"]
[PlyCount "21"]
[EventDate "2022.09.20"]
[EventType "team-tourn"]
[EventCountry "SRB"]
[SourceTitle "playchess.com"]
[Source "ChessBase"]
[SourceQuality "1"]
[TimeControl "40/5400+30:1800+30"]

1. d4 Nf6 2. Nf3 e6 3. Bf4 c5 4. e3 cxd4 5. exd4 b6 6. Bd3 {[%emt 0:00:39] A46: 1 d4 Nf6 2 Nf3 e6: Torre, London and Colle Systems.} Bb7 7. O-O {[%emt 0:00:46] 7.0-0 scores better than 7.Nbd2.} Be7 8. c3 O-O 9. Nbd2 d6 10. Qe2 Nbd7 {[%emt 0:00:11] [#]} 11. Nb1 $146 {[%emt 1:30:23] White did not feel at home in the position after the opening.  Weighted Error Value: White=0.07 (flawless) /Black=0.05 (flawless)} ({Predecessor:} 11. a4 a6 12. Rfe1 Re8 13. h3 Bf8 14. Bh2 Qc7 15. Nc4 h6 16. Ne3 Qc6 17. Nd2 {0-1 (64) Molina,R (2434)-Martinez Alcantara,J (2620) Chess.com INT 2021}) 1/2-1/2

[Event "1st Serbian League 2022"]
[Site "Vrnjacka Banja"]
[Date "2022.09.27"]
[Round "8.19"]
[White "Indjic, Aleksandar"]
[Black "Ioannidis, Evgenios"]
[Result "1/2-1/2"]
[ECO "A22"]
[WhiteElo "2628"]
[BlackElo "2486"]
[Annotator "TA"]
[PlyCount "184"]
[EventDate "2022.09.20"]
[EventType "team-tourn"]
[EventCountry "SRB"]
[SourceTitle "playchess.com"]
[Source "ChessBase"]
[SourceQuality "1"]
[TimeControl "40/5400+30:1800+30"]

1. c4 Nf6 2. Nc3 e5 3. e3 Bb4 4. Nge2 O-O 5. a3 Be7 6. d4 exd4 7. Qxd4 {[%emt 0:00:07] A22: English Opening: 1...e5 2 Nc3 Nf6.} Nc6 8. Qd1 Ne5 9. Nf4 {[%emt 0:00:33] [#]} b6 $146 ({Predecessor:} 9... c6 10. Be2 Ng6 11. Nh5 Nxh5 12. Bxh5 d6 13. O-O Be6 14. b3 Bf6 15. Bb2 d5 16. cxd5 Bxd5 {½-½ (55) Carlsen,M (2837)-Grigoriants,S (2561) Riadh 2017}) 10. Be2 Bb7 11. Nfd5 c6 12. Nxe7+ Qxe7 13. O-O Rfd8 14. Qc2 d5 15. cxd5 cxd5 16. Nb5 Rac8 17. Qd1 a6 18. Nd4 Ne4 19. f3 Nd6 20. b3 Nc6 21. Nxc6 (21. Bd3 {keeps more tension.} Qe5 22. Kh1 Nb5 23. f4) 21... Rxc6 22. Bd3 {[%emt 0:00:05] Against Nf5} Nb5 23. Bxb5 axb5 24. Qd4 Qc5 25. Bb2 {[%emt 0:00:11][%csl Gb2][%cal Rd4g7] [#]} Qxd4 26. Bxd4 Rdc8 27. h3 f6 28. a4 Ba6 29. a5 bxa5 30. Rxa5 b4 31. Rf2 Bd3 32. Rxd5 Bc2 33. Rb5 Bxb3 34. Rxb4 Be6 35. Rfb2 Rc1+ 36. Kh2 R1c2 37. h4 Rxb2 38. Rxb2 $14 {[%emt 0:00:01][%mdl 4096] Endgame KRB-KRB} h5 39. Kg3 Rc7 40. e4 Rc4 41. Rb8+ Kf7 42. Rb7+ Kg6 43. Bb2 Rc2 44. Bd4 (44. Ba3 $14) 44... Bc4 (44... Rc4 $11 45. Rb6 Bc8) 45. e5 fxe5 46. Bxe5 Kf5 47. Bxg7 Bf1 48. Rf7+ ({White should try} 48. Rb2 $16 Rxb2 49. Bxb2) 48... Kg6 49. Rd7 Rxg2+ 50. Kf4 Rh2 51. Bf8 Bb5 52. Rc7 Be8 53. Rb7 Rc2 54. Rg7+ Kf6 55. Rg5 Rc4+ 56. Kg3 Bg6 57. Be7+ Kf7 58. Re5 Kg7 59. Bg5 Ra4 60. f4 Ra3+ 61. Kf2 Ra2+ 62. Ke3 Ra3+ 63. Kd4 Ra4+ 64. Kc3 Bf7 ({Black should play} 64... Ra3+ $1 $11 65. Kd2 Ra2+ 66. Kc3 Ra3+ 67. Kd4 Ra4+ 68. Kc3 Ra3+) 65. Rc5 Bg6 66. Rc6 (66. f5 $16 Bf7 67. Kd3) 66... Be8 (66... Be4 $11 67. Rc5 Kg6) 67. Rd6 (67. Re6 $5 Ra3+ 68. Kd4 Ra4+ 69. Kc3 Ra3+ 70. Kd4 Ra4+ 71. Kc3 $16) 67... Ra7 68. Bf6+ Kf7 69. Bd4 Rc7+ 70. Kd3 {[%emt 0:00:26] White is more active.} Bb5+ 71. Ke4 Re7+ 72. Be5 Re6 73. Rd8 Re8 74. Rd2 Rg8 75. Rc2 Rd8 (75... Rg4 $1 $11 {keeps the balance.}) 76. Rc3 Bd7 77. f5 Rc8 78. Rb3 Bc6+ 79. Kd3 Re8 80. Kd4 Rd8+ 81. Ke3 $1 Re8 82. Kf4 $1 Rg8 {[%emt 0:00:03] [#] aiming for ...Rg4+.} 83. Bb2 (83. Rg3 $14) 83... Rg4+ $11 {[%emt 0:00:19] The position is equal.} 84. Ke5 Rxh4 85. Rc3 Rb4 86. Rxc6 {[%emt 0:00:31] KRB-KR} Rb5+ 87. Kf4 {[%emt 0:00:07] Threatens to win with Rc7+.} Rxb2 88. Kg5 Rg2+ 89. Kxh5 Rg1 90. Rb6 Rg2 91. Rc6 Rg1 92. Rb6 Rg2 {[%emt 0:00:05] Weighted Error Value: White=0.05 (flawless) /Black=0.08 (flawless)} 1/2-1/2

[Event "1st Serbian League 2022"]
[Site "Vrnjacka Banja"]
[Date "2022.09.27"]
[Round "8.20"]
[White "Damljanovic, Branko"]
[Black "Ivanisevic, Ivan"]
[Result "1/2-1/2"]
[ECO "A35"]
[WhiteElo "2436"]
[BlackElo "2547"]
[Annotator "TA"]
[PlyCount "25"]
[EventDate "2022.09.20"]
[EventType "team-tourn"]
[EventCountry "SRB"]
[SourceTitle "playchess.com"]
[Source "ChessBase"]
[SourceQuality "1"]
[TimeControl "40/5400+30:1800+30"]

1. Nf3 c5 2. c4 Nc6 3. Nc3 g6 4. e3 Bg7 5. d4 d6 6. d5 Ne5 7. Nd2 {[%emt 0:00:23] A35: Symmetrical English: 2 Nc3 Nc6 3 Nf3.} f5 8. Be2 Nf6 9. h3 O-O 10. f4 Nf7 11. g4 e5 $1 {[%emt 0:07:36] White must now prevent ...exf4.} 12. g5 {[%emt 0:00:50] [#]} Nd7 $146 (12... Ne4 $1 $15 13. Ndxe4 (13. Ncxe4 fxe4 14. Nxe4 Qe7 $17) 13... fxe4) ({Predecessor:} 12... Ne8 13. Qc2 Nc7 14. h4 Bd7 15. Nf1 a6 16. Bd2 b5 17. O-O-O bxc4 18. Bxc4 Nb5 {0-1 (40) Meier,G (2659)-Agopov,M (2419) Germany 2010}) 13. h4 {[%emt 0:00:32] Weighted Error Value: White=0.23 (precise) /Black=0.11 (very precise)} 1/2-1/2

[Event "1st Serbian League 2022"]
[Site "Vrnjacka Banja"]
[Date "2022.09.27"]
[Round "8.22"]
[White "Nikolovski, Nikola"]
[Black "Miljkovic, Miroslav D"]
[Result "1-0"]
[ECO "B02"]
[WhiteElo "2359"]
[BlackElo "2456"]
[Annotator "TA"]
[PlyCount "93"]
[EventDate "2022.09.20"]
[EventType "team-tourn"]
[EventCountry "SRB"]
[SourceTitle "playchess.com"]
[Source "ChessBase"]
[SourceQuality "1"]
[TimeControl "40/5400+30:1800+30"]

1. e4 c5 2. Nc3 e6 3. f4 d5 4. d3 Nc6 5. Nf3 Be7 6. g3 Nf6 7. e5 Nd7 8. Bg2 O-O 9. O-O Rb8 10. a4 a6 11. Qe2 Qc7 {[%emt 0:02:37] [#] B02: Alekhine's Defence: Chase Variation and lines with early Nc3.} ({Black should try} 11... b5) 12. Bd2 $146 ({Better is} 12. f5) ({Predecessor:} 12. Nd1 Nd4 13. Nxd4 cxd4 14. Kh1 b5 15. axb5 Rxb5 16. Ra4 Nb6 17. Ra1 Rc5 18. c3 a5 19. Bd2 {1-0 (33) Gutmann,A (2048)-Kresz,A (1988) Hungary 2018}) 12... Nd4 13. Qd1 Nxf3+ {[%emt 0:00:43] The position is equal.} 14. Qxf3 b5 15. axb5 axb5 16. Rae1 b4 17. Nd1 b3 18. c3 d4 19. c4 Bb7 20. Qh5 Bxg2 21. Kxg2 Qc6+ 22. Rf3 (22. Kg1 $11) 22... Ra8 (22... f6 $15 23. exf6 Rxf6) 23. Nf2 $11 Ra2 24. Bc1 Ra1 25. g4 Rb1 26. g5 Ra8 27. Ne4 Raa1 (27... Ra2 $11) 28. Rff1 $16 Bd8 29. Kh3 $40 {[%emt 0:06:40][%mdl 128] White is up to no good.} (29. h4 $16) 29... g6 (29... Nf8 $1 $11 {remains equal.}) 30. Qh6 (30. Qf3 $16 {Strongly threatening Nf6+.} Qa8 31. Bd2) 30... Be7 $14 (30... Ba5 31. Nf6+ Nxf6 32. exf6) 31. Kg3 Ra6 ({Of course not} 31... Bf8 32. Qh3 $11) 32. Rh1 ({Much worse is} 32. Nf6+ Nxf6 33. gxf6 Bf8 $15) 32... Qa8 ({Much weaker is} 32... Bf8 33. Qh3 $11) 33. Qh3 Nb6 (33... Qf8 $1 $14) 34. Qg2 $18 Nd7 35. h4 Kf8 (35... h5 $16) 36. h5 Ke8 $2 (36... Kg8 37. Qh3 Nf8 38. hxg6 fxg6) 37. hxg6 hxg6 38. Rh8+ Nf8 39. Qh1 Kd7 40. Qh6 {[%emt 0:01:24] Black must now prevent Nf6+.} Raa1 {[%emt 0:00:23] [#]} 41. Qh1 $2 {[%emt 0:05:27] Dancing on a razor blade.} ({White must play} 41. Qg7 $1 $18 Qe8 (41... Kc6 42. Qxf7) 42. Rhh1) 41... Ra7 $2 (41... Ra6 $1 $11 {and Black has nothing to worry.}) 42. Rg8 Raa1 $2 (42... Kc7 43. Nd2 Qxh1 44. Rxh1 Rba1 45. Nxb3 R1a4) 43. Rg7 Ke8 44. Kg4 Ra6 45. Qh8 {[%emt 0:03:27] [#] And now Qg8 would win.} Qb7 46. Qg8 Bd8 47. Rh1 {[%emt 0:00:56] Weighted Error Value: White=0.39/Black=0.65} 1-0

[Event "1st Serbian League 2022"]
[Site "Vrnjacka Banja"]
[Date "2022.09.27"]
[Round "8.23"]
[White "Kosic, Dragan"]
[Black "Zlatanovic, Boroljub"]
[Result "1/2-1/2"]
[ECO "E94"]
[WhiteElo "2399"]
[BlackElo "2313"]
[Annotator "TA"]
[PlyCount "53"]
[EventDate "2022.09.20"]
[EventType "team-tourn"]
[EventCountry "SRB"]
[SourceTitle "playchess.com"]
[Source "ChessBase"]
[SourceQuality "1"]
[TimeControl "40/5400+30:1800+30"]

1. d4 Nf6 2. Nf3 g6 3. c4 Bg7 4. Nc3 d6 5. e4 O-O 6. Be2 e5 7. Be3 exd4 8. Nxd4 Re8 9. f3 c6 10. O-O d5 11. cxd5 Nxd5 12. Nxd5 cxd5 13. Qb3 {[%emt 0:02:05] The position is equal.} Nc6 {[%emt 0:06:37] E94: King's Indian: Classical: 6 Be2 e5 7 0-0: Various Black 7th moves.} 14. Rfd1 (14. Rad1 $5 ) 14... Nxd4 15. Bxd4 Bxd4+ 16. Rxd4 Qf6 $1 17. Qxd5 Be6 18. e5 Qg5 19. Qe4 {[%emt 0:02:21] Against Qe3+} Bf5 {[%emt 0:01:34] [#]} 20. h4 $146 ({Predecessor:} 20. Qf4 Qxf4 21. Rxf4 Rxe5 22. Bf1 Rd8 23. Rb4 b6 24. a4 Kg7 25. Rb5 Kf6 26. Rxe5 Kxe5 {0-1 (44) Gross,S (2350)-Rasik,V (2420) Czech Republic 1995}) 20... Qg3 21. Qe3 Rxe5 22. Qf2 Qxf2+ 23. Kxf2 Rc8 {[%emt 0:01:30] ...Rc2 is the strong threat.} 24. Rad1 Rc2 25. R1d2 Rec5 26. a3 h6 27. g4 {[%emt 0:07:53] A balanced but interesting game.  Weighted Error Value: White=0.04 (flawless) /Black=0.03 (flawless)} 1/2-1/2

[Event "1st Serbian League 2022"]
[Site "Vrnjacka Banja"]
[Date "2022.09.27"]
[Round "8.24"]
[White "Radlovacki, Jovan"]
[Black "Laketic, Gojko"]
[Result "1/2-1/2"]
[ECO "B05"]
[WhiteElo "2287"]
[BlackElo "2255"]
[Annotator "TA"]
[PlyCount "43"]
[EventDate "2022.09.20"]
[EventType "team-tourn"]
[EventCountry "SRB"]
[SourceTitle "playchess.com"]
[Source "ChessBase"]
[SourceQuality "1"]
[TimeControl "40/5400+30:1800+30"]

1. e4 Nf6 2. e5 Nd5 3. d4 d6 4. Nf3 Bg4 5. Be2 e6 6. c4 Nb6 7. exd6 cxd6 8. O-O Be7 9. h3 Bh5 10. Be3 {[%emt 0:01:35] B05: Alekhine's Defence: 4 Nf3 Bg4.} O-O {[%emt 0:03:10] [#]} {Predecessor:} 11. Nc3 $146 d5 12. c5 Bxf3 13. Bxf3 Nc4 14. Bc1 Nc6 15. b3 N4a5 16. Bb2 Bf6 17. Na4 b5 18. cxb6 axb6 19. Be2 Rb8 20. Bb5 Qd6 21. Qd2 Rfc8 22. Rfd1 {0-1 (35) Petrisor,A (2377)-Berkes,F (2645) Calimanesti Caciulata 2016} 1/2-1/2

[Event "1st Serbian League 2022"]
[Site "Vrnjacka Banja"]
[Date "2022.09.27"]
[Round "8.25"]
[White "Yilmazyerli, Mert"]
[Black "Predojevic, Borki"]
[Result "1/2-1/2"]
[WhiteElo "2533"]
[BlackElo "2584"]
[Annotator "TA"]
[PlyCount "31"]
[EventDate "2022.09.20"]
[EventType "team-tourn"]
[EventCountry "SRB"]
[SourceTitle "playchess.com"]
[Source "ChessBase"]
[SourceQuality "1"]
[TimeControl "40/5400+30:1800+30"]

1. Nf3 d5 2. g3 g6 3. Bg2 Bg7 4. d4 Nf6 5. c4 dxc4 6. Na3 O-O 7. O-O $1 {[%emt 0:00:21] The main line 7.0-0 scores better than 7.Nxc4.} c5 8. Nxc4 {[%emt 0:02:54] [#]} {Predecessor:} Be6 $146 {D77: Fianchetto Grünfeld: 6 0-0: Replies other than 6...c6.} 9. Nce5 Nbd7 10. Ng5 cxd4 11. Nxe6 fxe6 12. Nf3 e5 13. Qb3+ Kh8 14. Ng5 Qb6 15. Qxb6 axb6 16. Ne6 {1-0 (74) Nakamura,H (2736)-Hovhannisyan,R (2643) Warsaw 2021} 1/2-1/2

[Event "1st Serbian League 2022"]
[Site "Vrnjacka Banja"]
[Date "2022.09.27"]
[Round "8.26"]
[White "Bogosavljevic, Boban"]
[Black "Gokerkan, Cem Kaan"]
[Result "1-0"]
[ECO "D02"]
[WhiteElo "2533"]
[BlackElo "2465"]
[Annotator "TA"]
[PlyCount "87"]
[EventDate "2022.09.20"]
[EventType "team-tourn"]
[EventCountry "SRB"]
[SourceTitle "playchess.com"]
[Source "ChessBase"]
[SourceQuality "1"]
[TimeControl "40/5400+30:1800+30"]

1. Nf3 d5 2. g3 g6 3. Bg2 Bg7 4. d4 Nf6 5. O-O O-O 6. Nbd2 c6 7. c3 Bf5 8. Nh4 Be6 {[%emt 0:00:19] D02: 1 d4 d5 2 Nf3 sidelines, including 2...Nf6 3 g3 and 2...Nf6 3 Bf4.} 9. Ndf3 {[%emt 0:03:02] [#]} Ne4 $146 ({Predecessor:} 9... Qc8 10. Qb3 Ne4 11. Ng5 Nxg5 12. Bxg5 Re8 13. Nf3 Nd7 14. Bf4 h6 15. h4 Nb6 16. a4 {½-½ (38) Pfleger,H (2505)-Romanishin,O (2595) Lone Pine 1981}) 10. Ng5 Nxg5 {[%emt 0:00:27] The position is equal.} 11. Bxg5 h6 12. Bd2 Kh7 13. e4 dxe4 $1 14. Bxe4 Nd7 15. Re1 Bd5 16. Bd3 {[%emt 0:06:47] aiming for c4.} e5 $1 17. c4 $36 {[%emt 0:06:11][%mdl 2048] White fights for an advantage.} Be6 18. d5 cxd5 19. cxd5 Bxd5 20. Bb4 {[%emt 0:00:29][%cal Od3g6] Against Nc5} Be6 21. Bxf8 Qxf8 22. Rc1 Rd8 23. Qh5 (23. Qc2 $16 {[%cal Rd3g6] And now Bxg6+! would win.} f5 24. Bc4) 23... Qe8 (23... Nf6 $11 {keeps the balance.} 24. Qe2 Bxa2) 24. Qf3 f5 {[%emt 0:10:30] [#]} ({Black should try} 24... b6 $14) 25. Nxf5 $1 gxf5 26. Bxf5+ Kh8 {[%emt 0:00:51] [#]} (26... Bxf5 27. Qxf5+ Qg6 28. Qxg6+ Kxg6 29. Rc7 $16) 27. Bxe6 $1 (27. Rc7 $6 Qf8 28. Be4 Nc5 29. Bxb7 Qd6 $11) 27... Qxe6 28. Qxb7 {[%emt 0:00:24] Red1 is the strong threat.} Nf6 29. Rc7 Nh5 (29... Ne8 $16) 30. Rec1 $18 (30. Qxa7 $6 Rg8 31. a4 Qa2 $18) 30... Rg8 31. Rc8 {[%emt 0:00:45] Hoping for Rxg8+.} ({Not} 31. Qxa7 Nf4 32. gxf4 Qg6+ 33. Kf1 Qd3+ 34. Ke1 Bf8 35. Rh7+ Qxh7 36. Qxh7+ Kxh7 $11) 31... Bf8 32. Kh1 $2 ({Don't take} 32. Qxa7 $6 Nf4 $18) (32. Qf3 $18 Nf4 33. Kh1) 32... Qf5 $16 {[%emt 0:00:17] [#]} 33. Qd5 {[%emt 0:01:31] The board is on fire. White has more active pieces.} (33. Qxa7 {leads to mate.} Qf3+ 34. Kg1 Nf4) (33. R8c7 $1 $16 {Threatens to win with g4.} Nf6 34. Qxa7) 33... Nf6 $11 34. Qg2 e4 35. h3 e3 {[%emt 0:00:23] White must now prevent ...e2.} 36. g4 Qe5 37. fxe3 h5 38. Qf3 hxg4 39. hxg4 Nxg4 $4 (39... Bd6 $11 40. Rxg8+ Kxg8 41. Rc8+ Kg7) 40. Qh3+ $18 Nh6 {[%emt 0:00:22] [#] ( -> ...Qe4+)} 41. Rxf8 $1 Rxf8 (41... Qe4+ 42. Rf3) 42. Qxh6+ {[%emt 0:01:24] White mates.} Kg8 43. Rg1+ Kf7 44. Rf1+ {[%emt 0:00:11] Weighted Error Value: White=0.24 (precise) /Black=0.48} 1-0

[Event "1st Serbian League 2022"]
[Site "Vrnjacka Banja"]
[Date "2022.09.27"]
[Round "8.27"]
[White "Ristic, Nenad"]
[Black "Vuckovic, Bojan"]
[Result "1/2-1/2"]
[ECO "B31"]
[WhiteElo "2267"]
[BlackElo "2559"]
[Annotator "TA"]
[PlyCount "42"]
[EventDate "2022.09.20"]
[EventType "team-tourn"]
[EventCountry "SRB"]
[SourceTitle "playchess.com"]
[Source "ChessBase"]
[SourceQuality "1"]
[TimeControl "40/5400+30:1800+30"]

1. e4 c5 2. Nf3 Nc6 3. Bb5 g6 4. O-O Bg7 5. Re1 Nf6 6. e5 Nd5 7. Nc3 Nc7 8. Bxc6 dxc6 9. Ne4 b6 10. Nf6+ Kf8 11. Ne4 Bg4 {[%emt 0:00:14] 11...h6 is the hot move.} 12. d3 Ne6 {[%emt 0:00:27] B31: Sicilian: 2...Nc6 3 Bb5 g6.} 13. Ned2 g5 14. h3 Bh5 15. Ne4 h6 16. Ng3 (16. g4 $11 Bg6 17. Bd2) 16... Bg6 (16... Bxf3 $15 17. Qxf3 Qc7) 17. h4 {[%emt 0:02:23][%cal Rh4g5] [#]} g4 $146 {[%emt 0:01:22] The position is equal.} ({Predecessor:} 17... Qd5 18. hxg5 hxg5 19. Nxg5 Nxg5 20. Bxg5 Bxe5 21. Qg4 Re8 22. Rab1 Bd6 23. b3 f5 {0-1 (41) Toufighi,H (2470)-Wen,Y (2508) Al Ain 2008}) 18. h5 Bxd3 19. cxd3 gxf3 20. Qxf3 Nd4 21. Qg4 e6 {[%emt 0:04:18] A rather calm draw.  Weighted Error Value: White=0.16 (very precise) /Black=0.21 (precise)} 1/2-1/2

[Event "1st Serbian League 2022"]
[Site "Vrnjacka Banja"]
[Date "2022.09.27"]
[Round "8.28"]
[White "Roganovic, Milos"]
[Black "Rajkovic, Mladen"]
[Result "1/2-1/2"]
[ECO "E92"]
[WhiteElo "2487"]
[BlackElo "2335"]
[Annotator "TA"]
[PlyCount "111"]
[EventDate "2022.09.20"]
[EventType "team-tourn"]
[EventCountry "SRB"]
[SourceTitle "playchess.com"]
[Source "ChessBase"]
[SourceQuality "1"]
[TimeControl "40/5400+30:1800+30"]

1. d4 Nf6 2. Nf3 g6 3. c4 Bg7 4. Nc3 d6 5. e4 O-O 6. Be2 e5 7. dxe5 dxe5 8. Qxd8 Rxd8 9. Nd5 Nxd5 10. cxd5 c6 {[%emt 0:02:12] E92: King's Indian: Classical: 6 Be2 e5: 7 dxe5, 7 Be3 and Petrosian System without 7...Nbd7.} 11. Bg5 f6 12. dxc6 $1 Nxc6 (12... fxg5 13. c7 Rd7 14. Bc4+ (14. cxb8=R Rxb8 15. Bc4+ Kf8 $14) (14. cxb8=N Rc7 $14) (14. cxb8=B Rxb8 15. Bc4+ Kf8 $14) 14... Kf8 15. cxb8=Q (15. cxb8=R Rxb8 16. Nxg5 Bf6 $14) (15. cxb8=N Rc7 $14) (15. cxb8=B Rxb8 16. Nxg5 Bf6 $14) 15... Rxb8 16. Nxg5 $14) 13. Bc4+ Kf8 14. Be3 {[%emt 0:01:31] [#]} Ne7 $146 ({Predecessor:} 14... Nd4 15. Bxd4 exd4 16. g4 {½-½ (16) Bousios,H (2219)-Sideris,T (1901) Nikaia 2017}) 15. a4 Bd7 16. Ke2 Bc6 17. Nd2 f5 18. f3 Bf6 19. b4 Kg7 20. b5 Bd7 21. Rhc1 a6 22. Nb3 axb5 23. axb5 Rxa1 24. Rxa1 Nc8 25. Nc5 f4 26. Bf2 ({But not} 26. Nxb7 fxe3 27. Nxd8 Bxd8 $11) 26... Nd6 27. Rd1 ({Better is} 27. Bd3 $16) 27... Bc8 (27... Nxc4 $11 {remains equal.} 28. Rxd7+ Rxd7 29. Nxd7 Nd6) 28. Be6 $36 {[%emt 0:00:55][%mdl 2048] Black is under strong pressure.} Be7 29. b6 Kf6 30. Bd5 {[%emt 0:00:33] White is much more active.} Nb5 (30... Re8 $16 {was necessary.} 31. g3 fxg3 32. hxg3 h5) 31. Rc1 $18 Nd4+ 32. Bxd4 exd4 33. Nd3 {[%emt 0:01:20] aiming for Rc7.} Bd6 34. Rc4 (34. Kd2 $18 {has better winning chances.}) 34... Be6 $16 35. Rxd4 Be5 36. Rc4 {[%emt 0:00:59] Hoping for Bxe6.} (36. Nxe5 Kxe5 37. Rc4 Bxd5 38. exd5 Rd6 $11) 36... Bxd5 37. exd5 Rxd5 $14 {[%emt 0:03:30][%mdl 4096] Endgame [#] KRB-KRN} 38. Rc7 $1 Bd4 (38... Bxc7 $2 39. bxc7 Kg7 40. c8=Q $18) (38... Bd6 39. Rxh7) 39. Rxb7 Rd6 40. Nxf4 (40. Rxh7 $16 {Threatens to win with b7.} Rxb6 41. Nxf4 Rb2+ 42. Kd3) 40... g5 $1 41. Nd3 Re6+ 42. Kf1 Kg6 43. g4 {[%emt 0:00:00] And now Rd7 would win.} Re3 44. Nb4 {[%emt 0:00:00] Rd7 is the strong threat.} (44. Ne1 $5 Rb3 45. Ke2 $16) 44... Rxf3+ {[%emt 0:00:47] The position is equal.} 45. Ke2 Re3+ 46. Kd2 Re6 47. Nd5 {[%emt 0:00:00] Strongly threatening Kd3.} Rd6 48. Ne7+ Kf6 49. Nf5 Rxb6 50. Rxh7 Bg1 51. h3 Rb3 52. Ke2 Ke5 53. h4 gxh4 54. Nxh4 Kf4 {[%emt 0:01:12] Prevents Nf3.} 55. Rf7+ Kxg4 56. Rg7+ {[%emt 0:00:05] Weighted Error Value: White=0.11 (very precise) /Black=0.11 (very precise)} 1/2-1/2